 Dungeon Crawl Stone Soup version 0.20-a0-555-gf6ae02d (webtiles) character file.

53 Kiturien the Skirmisher (level 3, -5/33 HPs)
             Began as a Hill Orc Fighter on Feb 7, 2017.
             Slain by Terence
             ... wielding a +4 mace of crushing
              (7 damage)
             ... on level 2 of the Dungeon.
             The game lasted 00:02:30 (817 turns).

Kiturien the Skirmisher (Hill Orc Fighter)           Turns: 817, Time: 00:02:30

Health: -5/33      AC: 10    Str: 24    XL:     3   Next: 89%
Magic:  3/3        EV:  5    Int:  8    God:
Gold:   86         SH:  9    Dex: 10    Spells: 2/2 levels left

rFire    + . .     SeeInvis .   a - +1 war axe
rCold    . . .     Gourm    .   j - +0 chain mail
rNeg     . . .     Faith    .   c - +0 shield
rPois    .         Spirit   .   (no helmet)
rElec    .         Reflect  .   m - +0 cloak
rCorr    .         Harm     .   (no gloves)
MR       .....     Rnd*Tele +   (no boots)
Stlth    ..........             (no amulet)
Regen    0.2/turn               b - ring of teleportation (curse)
                                l - ring of protection from fire

@: mighty
A: no striking features
a: no special abilities


You were on level 2 of the Dungeon.
You were not hungry.

You visited 1 branch of the dungeon, and saw 2 of its levels.

You collected 86 gold pieces.

Inventory:

Hand Weapons
 a - a +1 war axe (weapon)
Armour
 c - a +0 shield (worn)
 j - a +0 chain mail (worn)
 m - a +0 cloak (worn)
Jewellery
 b - a cursed ring of teleportation (right hand)
 g - an uncursed ring of see invisible
 l - a ring of protection from fire (left hand)
Scrolls
 k - a scroll of magic mapping
Potions
 h - a potion of flight {unknown}
 i - a potion of cancellation {unknown}
Comestibles
 f - 2 bread rations
 n - 2 royal jellies


   Skills:
 + Level 4.2 Fighting
 + Level 3.6 Axes
 + Level 3.6 Armour
 + Level 3.8 Shields


You had 2 spell levels left.
You didn't know any spells.

Dungeon Overview and Level Annotations

Branches:
Dungeon (2/15)

Altars:

Annotations:
D:2 Terence


Message History

The adder bites you but does no damage.
You hit the adder.
The adder is lightly wounded.
You completely miss Terence. Terence completely misses you.
You block the adder's attack.
You hit the adder.
The adder is heavily wounded.
Your shield and chain mail prevent you from hitting Terence.
The adder bites you but does no damage.
Terence hits you with a mace of crushing.
* * * LOW HITPOINT WARNING * * *
x2 The adder bites you but does no damage.
Terence hits you with a mace of crushing.
* * * LOW HITPOINT WARNING * * *
x2 Your shield and chain mail prevent you from hitting the adder.
The adder is heavily wounded.
Your shield and chain mail prevent you from hitting Terence.
You block the adder's attack. x2
Terence hits you with a mace of crushing!
You die...

♣♣♣.♣................†...........
♣..♣.......#.#######.#....##...#.
.♣♣♣♣......#.......#......######.
♣♣ ♣♣....##.......+..#.#.#,,,,#.
♣♣######......#......#*,*,#.
#......##.#.#.##,*,#.
#####......#)......#,*,#.
****###........@.........#.#.#S
*>,,..........@S.........+.....
*,,,...[....######.......#.#.#.
*,,,........# #........,*,#.
*,**........# #.=......**,#.
*,**........######........,*,#.
***,**........#....#.......#,*,#.
,,,,,+........#....#.......+,,,#.
***,**........#....#.......#,,,..
,,*,,,........'.............,,,,,


You could see Terence and an adder.

Vanquished Creatures
  Crazy Yiuf (D:2)
  An ooze (D:1)
  A dart slug (D:1)
  A leopard gecko (D:1)
  3 bats (D:1)
  2 hobgoblins (D:1)
  2 jackals (D:2)
  A frilled lizard (D:1)
  4 goblins
  2 kobolds (D:1)
  2 rats (D:1)
20 creatures vanquished.

Notes
Turn   | Place    | Note
-------+----------+-------------------------------------------
     0 | D:1      | Kiturien the Hill Orc Fighter began the quest for the Orb.
     0 | D:1      | Reached XP level 1. HP: 19/19 MP: 1/1
    74 | D:1      | Reached XP level 2. HP: 11/27 MP: 2/2
   336 | D:1      | Reached skill level 4 in Fighting
   501 | D:1      | Reached XP level 3. HP: 32/33 MP: 3/3
   660 | D:2      | Found a runed door.
   664 | D:2      | Noticed Crazy Yiuf
   669 | D:2      | Killed Crazy Yiuf
   802 | D:2      | Noticed Terence
   817 | D:2      | Slain by Terence

Vault maps used:
D:1:      eino_arrival_water_star
D:2:      serial_glass, glass_columns_a, glass_columns_a, due_unseen_surprise,
          minmay_misc_feat_alley, uniq_crazy_yiuf_cottage, uniq_terence

Skill      XL: |  1  2 |
---------------+-------+-----
Fighting       | 4 |  4.2
Axes           | 3 |  3.6
Armour         | |  3.6
Shields        | |  3.8

Action                   || total
-------------------------++-------
Melee: War axe           ||    74
  Use: Scroll            ||     4
       Potion            ||     2
Armor: Scale mail        ||    24
       Chain mail        ||    20
Dodge: Dodged            ||    19
Block: Shield            ||    47
